 Dungeon Crawl Stone Soup version 0.30.1-11-g7821555f0a (webtiles) character file.

Game seed: 15386228781815884055

82 Peloso the Covered (level 4, -3/40 HPs)
             Began as a Minotaur Fighter on Dec 24, 2023.
             Killed from afar by Sigmund (18 damage)
             ... with a bolt of light
             ... on level 2 of the Dungeon.
             The game lasted 00:02:27 (1263 turns).

Peloso the Covered (Minotaur Fighter)               Turns: 1263, Time: 00:02:28

Health: -3/40      AC: 10    Str: 27    XL:     4   Next: 21%
Magic:  3/3        EV:  9    Int:  5    God:
Gold:   128        SH:  4    Dex: 11    Spells: 3/3 levels left

rFire   . . .        a - +0 long sword
rCold   . . .        d - +0 buckler
rNeg    . . .        q - +0 chain mail
rPois   .            (helmet restricted)
rElec   .            (no cloak)
rCorr   .            c - +0 pair of gloves
SInv    .            (no boots)
Will    .....        (no amulet) Stlth
                     o - +6 ring of strength
HPRegen 0.26/turn    (no ring)
MPRegen 0.08/turn

%: no passive effects
@: no status effects
A: horns 2, retaliatory headbutt
a: no special abilities


You were on level 2 of the Dungeon.
You visited 1 branch of the dungeon, and saw 2 of its levels.

You collected 128 gold pieces.

Inventory:

Hand Weapons
 a - a +0 long sword (weapon)
Armour
 b - a +0 scale mail
 c - a +0 pair of gloves (worn)
 d - a +0 buckler (worn)
 q - a +0 chain mail (worn)
Jewellery
 o - a +6 ring of strength (left hand)
Scrolls
 e - 3 scrolls of enchant armour {unknown}
 f - 3 scrolls of identify {unknown}
 g - 2 scrolls of magic mapping {unknown}
 h - a scroll of enchant weapon {unknown}
 i - 2 scrolls of teleportation {unknown}
 k - a scroll of fog {unknown}
 l - 2 scrolls of blinking {unknown}
 m - 2 scrolls of vulnerability {unknown}
 n - a scroll of amnesia {unknown}
 p - a scroll of fear {unknown}
Potions
 j - a potion of might
 r - a potion of mutation {unknown}


   Skills:
 + Level 4.1 Fighting
 + Level 3.4 Long Blades
 + Level 4.4 Armour
 + Level 0.9 Dodging
 + Level 0.2 Stealth
 + Level 4.3 Shields


You had 3 spell levels left.
You didn't know any spells.
Your spell library was empty.

Dungeon Overview and Level Annotations

Branches:
Dungeon (2/15)

Altars:

Annotations:
D:2 Sigmund


Innate Abilities, Weirdness & Mutations

You have a pair of horns on your head.
You reflexively headbutt those who attack you in melee.


Message History

You barely miss the kobold. You headbutt the kobold.
You kill the kobold!
Things that are here:
a +0 short sword; a kobold corpse Unknown command.
You see here a +0 chain mail.
q - a +0 chain mail You start removing your armour.
You continue taking off your +0 scale mail. x4
You finish taking off your +0 scale mail.
You start putting on your armour.
You continue putting on your +0 chain mail. x5
You finish putting on your +0 chain mail.
You now have 128 gold pieces (gained 5).
You see here a +0 pair of gloves.
Found a stone staircase leading down.
Found 5 stones.
Sigmund the Dreaded comes into view.
He is wielding a +2 scythe of flaming and carrying a wand of light (12).
Found 11 gold pieces.
Sigmund shouts!
Sigmund zaps a wand.
The bolt of light hits you!
You are confused.
You see here a sapphire potion.
You are too confused!
Unknown command.
Okay, then.
r - a sapphire potion Sigmund casts a spell.
Sigmund flickers and vanishes!
Deactivating autopickup; reactivate with Ctrl-A.
Unknown command.
You feel less confused.
A quokka comes into view.
You hear a zap.
A bolt of light appears from out of thin air!
The bolt of light hits you!
You hear a zap.
A bolt of light appears from out of thin air!
The bolt of light hits you!!
You die...

#. ####††# #.###...#
##..#.# ##.
####..###.....#.#
#..... ..
#...............#
#..... #>
#.##..#######..##
######
##.##.##.....# #..#
...<.....###.####..#
##.........).......#
...............>...#
.####.######.###@.##
. ..# #.# #..#
#.######.###..##
...............###
#.######...r.......
..........{.......
#.#####......#####
#......# #.#(.###


You could see a quokka.

Vanquished Creatures
  Natasha (D:2)
  An adder (D:2)
  A dart slug (D:2)
  4 endoplasms
  2 giant cockroaches (D:1)
  6 goblins
  3 hobgoblins
  5 jackals (D:1)
  2 quokkas
  2 ball pythons (D:1)
  4 bats
  A frilled lizard (D:2)
  4 kobolds
  8 rats
44 creatures vanquished.

Notes
Turn   | Place    | Note
-------+----------+-------------------------------------------
     0 | D:1      | Peloso the Minotaur Fighter began the quest for the Orb.
     0 | D:1      | Reached XP level 1. HP: 19/19 MP: 0/0
    97 | D:1      | Reached XP level 2. HP: 9/27 MP: 1/1
   654 | D:1      | Reached XP level 3. HP: 33/33 MP: 2/2
   857 | D:2      | Noticed Natasha
   865 | D:2      | Killed Natasha
   866 | D:2      | Reached XP level 4. HP: 28/40 MP: 3/3
   931 | D:2      | Identified the staff of death "Pucum" {rPois rF+ rN+ Will-
                  | Str+4}
  1254 | D:2      | Noticed Sigmund
  1263 | D:2      | Killed from afar by Sigmund

Illustrated notes

Levels and vault maps discovered:
D:1:      heliophobic_arrival_battle_scene, layout_basic, st_stairs_11,
          minmay_statues_item
D:2:      layout_loops_ring, minmay_tromino_v7, uniq_natasha, uniq_sigmund

Skill      XL: |  1  2  3 |
---------------+----------+-----
Armour         | 4 |  4.4
Shields        | 4 |  4.3
Fighting       | 4 |  4.1
Long Blades    | 3 |  3.4
Dodging        | |  0.9
Stealth        | |  0.2

Action                     |  1- 3 |  4- 6 || total
---------------------------+-------+-------++-------
  Melee: Long sword        |    75 |    12 ||    87
         Headbutt          |     7 |     1 ||     8
    Use: Potion            |     3 |       ||     3
 Armour: Scale mail        |    42 |     2 ||    44
  Dodge: Dodged            |    47 |     6 ||    53
  Block: Buckler           |    21 |     5 ||    26
